Map: Aura de mort EC

Players

IA (moyenne)

  • Race: Protoss Protoss
  • Spawn Location: 11:00

IBU - Winner!

  • Race: Zerg Zerg
  • League: Silver
  • Spawn Location: 5:00

VOD

Have the link to the VOD?

Description

test

Time

  • Played on: Nov. 29, 2020, 10:43 a.m.
  • Length: 12:35
Show
View Real Time Build Order
Export as new Build Order

IA (moyenne) Protoss 

Build Orders:  

Get SALT Encoding   

  12  0:00  Probe  
  13  0:13  Probe  
  14  0:19  Pylon  
  14  0:25  Probe  
  15  0:33  Probe  
  15  0:41  Probe  
  16  0:47  Assimilator  
  17  0:50  Gateway  
  17  0:51  Probe  
  18  1:00  Pylon  
  18  1:28  Gateway  
  18  1:29  Zealot  
  18  1:32  Assimilator  
  20  1:42  Cybernetics Core  
  20  1:51  Zealot  
  22  2:04  Pylon  
  22  2:08  Warp Gate  
  22  2:20  Stalker  
  24  2:40  Stalker  
  26  2:58  Pylon  
  26  2:59  Stalker  
  26  3:00  Probe  
  29  3:12  Probe  
  30  3:18  Adept  
  32  3:23  Forge  
  32  3:24  Probe  
  33  3:36  Probe  
  33  3:38  Stalker  
  36  3:48  Probe  
  37  3:57  Stalker  
  37  4:00  Probe  
  40  6:32  Probe  
  40  6:36  Stalker  
  40  6:39  Photon Cannon  
  43  6:40  Pylon  
  43  6:42  Photon Cannon  
  43  6:43  Nexus  
  43  6:45  Robotics Facility  
  43  6:49  Stargate  
  43  6:50  Sentry  
  43  6:53  Twilight Council  
  45  7:02  Pylon  
  45  7:04  Adept  
  47  7:13  Probe  
  47  7:35  Observer  
  48  7:47  Stalker  
  48  7:51  Probe  
  48  7:56  Observer  
  48  7:57  Probe  
  49  7:59  Probe  
  49  8:01  Stalker  
  52  8:09  Probe  
  52  8:10  Probe  
  54  8:16  Assimilator  
  54  8:18  Adept  
  53  8:20  Probe  
  53  8:22  Probe  
  51  8:28  Probe  
  51  8:32  Sentry  
  51  8:33  Assimilator  
  51  8:34  Probe  
  44  8:45  Stalker  
  44  8:46  Probe  
  44  8:58  Probe  
  44  8:59  Stalker  
  45  9:10  Probe  
  45  9:13  Adept  
  46  9:21  Probe  
  47  9:26  Sentry  
  47  9:29  Probe  
  47  9:37  Probe  
  47  9:38  Photon Cannon  
  46  9:40  Stalker  
  49  9:48  Probe  
  50  9:54  Stalker  
  49  10:01  Probe  
  48  10:07  Adept  
  48  10:13  Probe  
  47  10:21  Sentry  
  46  10:25  Probe  
  43  10:35  Stalker  
  45  10:37  Probe  
  46  10:48  Stalker  
  46  10:49  Probe  
  45  11:01  Probe  
  45  11:02  Zealot  
  38  11:11  Zealot  
  39  11:21  Pylon  
  39  11:22  Zealot  
  33  11:34  Forge  
  33  11:37  Pylon  
  27  11:52  Probe  
  23  11:55  Immortal  
  25  12:09  Probe  
Show
View Real Time Build Order
Export as new Build Order

IBU Zerg - Winner!

Build Orders: Pool First, Swarm Host 

Get SALT Encoding   

  12  0:08  Overlord  
  12  0:29  Spawning Pool  
  11  0:36  Drone x2  
  11  0:40  Drone  
  14  0:49  Drone  
  15  0:56  Extractor  
  14  0:59  Drone  
  15  1:15  Drone  
  15  1:16  Queen  
  18  1:21  Drone  
  19  1:36  Hatchery  
  18  1:44  Drone  
  19  1:49  Zergling x2  
  20  1:59  Lair  
  20  2:09  Drone x2  
  22  2:26  Overlord x2  
  22  2:37  Extractor  
  21  2:46  Drone x3  
  21  2:50  Queen  
  26  2:52  Drone  
  26  2:57  Drone  
  28  3:13  Drone x3  
  31  3:20  Drone x2  
  33  3:35  Spire  
  32  3:46  Queen  
  32  3:47  Drone x4  
  32  3:48  Overlord  
  38  3:50  Drone x2  
  38  3:51  Drone  
  38  3:52  Drone  
  42  4:01  Drone, Extractor  
  42  4:09  Infestation Pit  
  41  4:21  Nydus Network  
  41  4:22  Drone, Extractor  
  41  4:23  Overlord, Drone x3  
  41  4:24  Drone  
  44  4:47  Mutalisk x2  
  48  5:01  Drone  
  48  5:02  Drone x5  
  54  5:07  Mutalisk x2  
  58  5:15  Overlord  
  58  5:17  Overlord x2  
  58  5:36  Swarm Host x4  
  58  5:41  Swarm Host  
  73  5:47  Overlord  
  73  5:48  Queen  
  73  5:49  Queen  
  77  6:03  Mutalisk x2  
  81  6:12  Drone x4  
  81  6:13  Drone x2  
  81  6:14  Overlord x2  
  87  6:34  Mutalisk x3  
  93  6:57  Nydus Canal  
  85  7:23  Nydus Canal  
  78  7:39  Overlord x3, Mutalisk x2  
  78  7:40  Mutalisk x4  
  90  7:50  Nydus Canal  
  75  8:38  Nydus Canal  
  74  9:32  Hatchery  
  64  11:49  Extractor  
  63  11:56  Hatchery  
  62  12:01  Spawning Pool  
Tags
 
Composition
Swarm Host
League
Silver
Matchup
PvZ
Opening
Pool First
Spawn Locations
Cross Positions
Add a new tag
Caveats
  • Supply blocks, unpowered buildings, or Contaminate may cause inaccurate times.
  • Supply counts are checked every 10 seconds.